CCBL
FALMOUTH COMMODORES @ BOURNE BRAVES
02/29/2060
 
TOP OF THE 1ST
Falmouth Commodores batting - Pitching for Bourne Braves : RHP Joseph LeMaire
Pitching: RHP Joseph LeMaire
Batting: RHB Havelock Norris 0-0: Ball
1-0: Swinging Strike
1-1: Swinging Strike
1-2: Strikes out swinging
Batting: LHB Kal Nagatoshi 0-0: Called Strike
0-1: Called Strike
0-2: Ball
1-2: Ball
2-2: Ball
3-2: Base on Balls
Batting: RHB Scott Carey 0-0: Swinging Strike
0-1: Called Strike
0-2: Foul Ball, location: 2F
0-2: Ball
1-2: Ball
2-2: Strikes out looking
Batting: LHB Joey Erickson 0-0: Called Strike
0-1: Swinging Strike
0-2: Strikes out looking
Top of the 1st over - 0 runs, 0 hits, 0 errors, 1 left on base; Falmouth 0 - Bourne 0
BOTTOM OF THE 1ST
Bourne Braves batting - Pitching for Falmouth Commodores : RHP DeJohn Ortiz
Pitching: RHP DeJohn Ortiz
Batting: LHB Jack Motzer 0-0: Foul Ball, location: 2F
0-1: Ball
1-1: Swinging Strike
1-2: Ball
2-2: Strikes out swinging
Batting: RHB Steve Norman 0-0: Foul Ball, location: 2F
0-1: Foul Ball, location: 2F
0-2: Ball
1-2: Ball
2-2: SOLO HOME RUN (Flyball, 78XD, EV 100.6 MPH), Distance : 422 ft
Batting: RHB Vince Tanner 0-0: Swinging Strike
0-1: Ground out 6-3 (Groundball, 6, EV 83.1 MPH)
Batting: RHB Frey Granado 0-0: Foul Ball, location: 2F
0-1: Ball
1-1: Ball
2-1: Ground out U3 (Groundball, 34, EV 103.1 MPH)
Bottom of the 1st over - 1 run, 1 hit, 0 errors, 0 left on base; Falmouth 0 - Bourne 1
TOP OF THE 2ND
Falmouth Commodores batting - Pitching for Bourne Braves : RHP Joseph LeMaire
Batting: RHB Jakob Davis 0-0: Fly out, F8 (Flyball, 8LM, EV 90.6 MPH)
Batting: LHB Maguire Woodward 0-0: Ball
1-0: Ground out 6-3 (Groundball, 6S, EV 86.2 MPH)
Batting: RHB Chris Pollard 0-0: Foul Ball, location: 2F
0-1: Ball
1-1: Foul Ball, location: 2F
1-2: Ball
2-2: Ball
3-2: Base on Balls
Batting: RHB Bradley Milsap 0-0: Ball
1-0: SINGLE (Groundball, 6D, EV 103.1 MPH)
Chris Pollard to second
Runner from 2nd tries for 3rd, SAFE, throw by LF made to third
Batting: SHB Mathew Byrd 0-0: 3-RUN HOME RUN (Flyball, 7D, EV 99.4 MPH), Distance : 379 ft
Batting: RHB Havelock Norris 0-0: Ball
1-0: Fly out, F9 (Flyball, 9, EV 91.9 MPH)
Top of the 2nd over - 3 runs, 2 hits, 0 errors, 0 left on base; Falmouth 3 - Bourne 1
BOTTOM OF THE 2ND
Bourne Braves batting - Pitching for Falmouth Commodores : RHP DeJohn Ortiz
Batting: LHB Blake Wolf 0-0: Fly out, F3 (Popup, 34S, EV 73.1 MPH)
Batting: RHB Zane Welker 0-0: Ball
1-0: Ball
2-0: Foul Ball, location: 2F
2-1: Swinging Strike
2-2: Strikes out swinging
Batting: LHB Israel Quinzi 0-0: Ball
1-0: Fly out, F7 (Line Drive, 7, EV 86.2 MPH)
Bottom of the 2nd over - 0 runs, 0 hits, 0 errors, 0 left on base; Falmouth 3 - Bourne 1
TOP OF THE 3RD
Falmouth Commodores batting - Pitching for Bourne Braves : RHP Joseph LeMaire
Batting: LHB Kal Nagatoshi 0-0: Called Strike
0-1: Foul Ball, location: 2F
0-2: Foul Ball, location: 2F
0-2: Strikes out looking
Batting: RHB Scott Carey 0-0: Foul Ball, location: 2F
0-1: Ball
1-1: Ball
2-1: DOUBLE (Groundball, 3L, EV 102.5 MPH)
Batting: LHB Joey Erickson 0-0: Ball
1-0: Fly out, F9 (Flyball, 89M, EV 94.4 MPH)
Batting: RHB Jakob Davis 0-0: Called Strike
0-1: Called Strike
0-2: Strikes out swinging
Top of the 3rd over - 0 runs, 1 hit, 0 errors, 1 left on base; Falmouth 3 - Bourne 1
BOTTOM OF THE 3RD
Bourne Braves batting - Pitching for Falmouth Commodores : RHP DeJohn Ortiz
Batting: RHB Aron Williams 0-0: Fly out, F8 (Flyball, 89M, EV 89.4 MPH)
Batting: RHB Coleman Fitzgerald 0-0: Ball
1-0: Foul Ball, location: 2F
1-1: Foul Ball, location: 2F
1-2: Ball
2-2: SOLO HOME RUN (Flyball, 7D, EV 100.6 MPH), Distance : 375 ft
Batting: LHB Jack Motzer 0-0: Ball
1-0: Swinging Strike
1-1: Swinging Strike
1-2: Ball
2-2: Strikes out swinging
Batting: RHB Steve Norman 0-0: Called Strike
0-1: Ball
1-1: SINGLE (Line Drive, 7LS, EV 102.5 MPH)
Batting: RHB Vince Tanner 0-0: Ball
1-0: Ball
2-0: Ball
3-0: Base on Balls
Steve Norman to second
Batting: RHB Frey Granado 0-0: Called Strike
0-1: Swinging Strike
0-2: Ball
1-2: Fly out, F6 (Popup, 6MD, EV 58.8 MPH)
Bottom of the 3rd over - 1 run, 2 hits, 0 errors, 2 left on base; Falmouth 3 - Bourne 2
TOP OF THE 4TH
Falmouth Commodores batting - Pitching for Bourne Braves : RHP Joseph LeMaire
Batting: LHB Maguire Woodward 0-0: Called Strike
0-1: Foul Ball, location: 2F
0-2: Ground out 4-3 (Groundball, 4, EV 98.1 MPH)
Batting: RHB Chris Pollard 0-0: Called Strike
0-1: Swinging Strike
0-2: Ball
1-2: Ball
2-2: Strikes out swinging, 2-3 out at first.
Batting: RHB Bradley Milsap 0-0: Called Strike
0-1: SINGLE (Groundball, 6MS, EV 63.1 MPH) (infield hit)
Batting: SHB Mathew Byrd 0-0: Called Strike
0-1: Ball
1-1: Fly out, F8 (Flyball, 8LM, EV 81.9 MPH)
Top of the 4th over - 0 runs, 1 hit, 0 errors, 1 left on base; Falmouth 3 - Bourne 2
BOTTOM OF THE 4TH
Bourne Braves batting - Pitching for Falmouth Commodores : RHP DeJohn Ortiz
Batting: LHB Blake Wolf 0-0: Foul Ball, location: 2F
0-1: Ball
1-1: Ground out 5-3 (Groundball, 5S, EV 62.5 MPH)
Batting: RHB Zane Welker 0-0: Called Strike
0-1: Ball
1-1: Foul Ball, location: 2F
1-2: Ball
2-2: Fly out, F8 (Flyball, 8LD, EV 101.2 MPH)
Batting: LHB Israel Quinzi 0-0: Swinging Strike
0-1: Called Strike
0-2: Strikes out swinging
Bottom of the 4th over - 0 runs, 0 hits, 0 errors, 0 left on base; Falmouth 3 - Bourne 2
TOP OF THE 5TH
Falmouth Commodores batting - Pitching for Bourne Braves : RHP Joseph LeMaire
Batting: RHB Havelock Norris 0-0: Called Strike
0-1: Swinging Strike
0-2: Strikes out looking
Batting: LHB Kal Nagatoshi 0-0: Called Strike
0-1: Ball
1-1: Foul Ball, location: 2F
1-2: Ball
2-2: Fly out, F7 (Flyball, 7, EV 88.1 MPH)
Batting: RHB Scott Carey 0-0: Swinging Strike
0-1: Ball
1-1: Foul Ball, location: 2F
1-2: Strikes out swinging
Top of the 5th over - 0 runs, 0 hits, 0 errors, 0 left on base; Falmouth 3 - Bourne 2
BOTTOM OF THE 5TH
Bourne Braves batting - Pitching for Falmouth Commodores : RHP DeJohn Ortiz
Batting: RHB Aron Williams 0-0: Called Strike
0-1: Foul Ball, location: 2F
0-2: Ball
1-2: Ball
2-2: Foul Ball, location: 2F
2-2: SINGLE (Groundball, 6D, EV 100.6 MPH)
Batting: RHB Coleman Fitzgerald 0-0: Bunted foul
0-1: Sac Bunt to P - play at first, batter OUT! 1-3
Aron Williams to second
Batting: LHB Jack Motzer 0-0: Ball
1-0: Swinging Strike
1-1: SINGLE (Groundball, 23, EV 62.5 MPH) (infield hit)
Aron Williams to third
Batting: RHB Steve Norman 0-0: Ball
1-0: Called Strike
1-1: Called Strike
1-2: Ball
2-2: Strikes out swinging
Batting: RHB Vince Tanner 0-0: Called Strike
0-1: SINGLE (Flyball, 4MD, EV 88.8 MPH)
Aron Williams scores
Jack Motzer to second
Runner from 2nd tries for 3rd, OUT! 8-5
Bottom of the 5th over - 1 run, 3 hits, 0 errors, 1 left on base; Falmouth 3 - Bourne 3
TOP OF THE 6TH
Falmouth Commodores batting - Pitching for Bourne Braves : RHP Joseph LeMaire
Batting: LHB Joey Erickson 0-0: Called Strike
0-1: Ball
1-1: Swinging Strike
1-2: Ball
2-2: Ball
3-2: Strikes out looking
Batting: RHB Jakob Davis 0-0: Called Strike
0-1: Ball
1-1: Swinging Strike
1-2: Ball
2-2: Ball
3-2: Base on Balls
Pitching: LHP Grant Wright
Batting: LHB Maguire Woodward 0-0: Ball
1-0: Fly out, F8 (Flyball, 8LS, EV 90.0 MPH)
Batting: RHB Chris Pollard 0-0: Ball
1-0: Foul Ball, location: 2F
1-1: Ball
2-1: Fly out, F9 (Line Drive, 9, EV 109.4 MPH)
Top of the 6th over - 0 runs, 0 hits, 0 errors, 1 left on base; Falmouth 3 - Bourne 3
BOTTOM OF THE 6TH
Bourne Braves batting - Pitching for Falmouth Commodores : RHP DeJohn Ortiz
Batting: RHB Frey Granado 0-0: Ground out 4-3 (Groundball, 4S, EV 83.1 MPH)
Batting: LHB Blake Wolf 0-0: Ball
1-0: Ball
2-0: Ground out 6-3 (Groundball, 6, EV 88.8 MPH)
Batting: RHB Zane Welker 0-0: Fly out, F4 (Flyball, 34D, EV 92.5 MPH)
Bottom of the 6th over - 0 runs, 0 hits, 0 errors, 0 left on base; Falmouth 3 - Bourne 3
TOP OF THE 7TH
Falmouth Commodores batting - Pitching for Bourne Braves : LHP Grant Wright
Batting: RHB Bradley Milsap 0-0: Foul Ball, location: 2F
0-1: Foul Ball, location: 2F
0-2: Ball
1-2: Foul Ball, location: 2F
1-2: Strikes out swinging
Batting: SHB Mathew Byrd 0-0: Fly out, F9 (Flyball, 9, EV 89.4 MPH)
Batting: RHB Havelock Norris 0-0: Ball
1-0: Foul Ball, location: 2F
1-1: Foul Ball, location: 2F
1-2: Ball
2-2: Foul Ball, location: 2F
2-2: SINGLE (Groundball, 56D, EV 111.9 MPH)
Batting: LHB Kal Nagatoshi 0-0: Ball
1-0: Ball
2-0: Fly out, F6 (Line Drive, 6, EV 64.4 MPH)
Top of the 7th over - 0 runs, 1 hit, 0 errors, 1 left on base; Falmouth 3 - Bourne 3
BOTTOM OF THE 7TH
Bourne Braves batting - Pitching for Falmouth Commodores : RHP DeJohn Ortiz
Pitching: RHP Griffin Baron
Batting: LHB Israel Quinzi 0-0: Ball
1-0: Swinging Strike
1-1: DOUBLE (Groundball, 3L, EV 101.2 MPH)
Pinch Hitting: LHB Michael Monks 0-0: Ball
1-0: Swinging Strike
1-1: Ball
2-1: Called Strike
2-2: Ball
3-2: Strikes out swinging
Batting: RHB Coleman Fitzgerald 0-0: Ball
1-0: Ball
2-0: Foul Ball, location: 2F
2-1: Ball
3-1: Base on Balls
Batting: LHB Jack Motzer 0-0: Called Strike
0-1: Foul Ball, location: 2F
0-2: Ball
1-2: Ball
2-2: Ball
3-2: Base on Balls
Israel Quinzi to third
Coleman Fitzgerald to second
Batting: RHB Steve Norman 0-0: Called Strike
0-1: Ball
1-1: Ball
2-1: Grounds into fielders choice 3-2 (Groundball, 3L, EV 85.0 MPH)
Coleman Fitzgerald to third
Jack Motzer to second
Batting: RHB Vince Tanner 0-0: Foul Ball, location: 2F
0-1: Ball
1-1: Fly out, F7 (Line Drive, 7S, EV 98.8 MPH)
Bottom of the 7th over - 0 runs, 1 hit, 0 errors, 3 left on base; Falmouth 3 - Bourne 3
TOP OF THE 8TH
Falmouth Commodores batting - Pitching for Bourne Braves : LHP Grant Wright
Now in RF: Michael Monks
Pinch Hitting: RHB Rhett Patterson 0-0: Called Strike
0-1: Ball
1-1: Ball
2-1: Reached on error, E5 (Groundball, 56S, EV 88.1 MPH)
Batting: LHB Joey Erickson 0-0: SINGLE (Groundball, 4MD, EV 107.5 MPH)
Rhett Patterson to second
Batting: RHB Jakob Davis 0-0: Foul Ball, location: 2F
0-1: Ball
1-1: Grounds into double play, 5-4-3 (Groundball, 5, EV 83.8 MPH)
Rhett Patterson to third
Batting: LHB Maguire Woodward 0-0: Called Strike
0-1: Ball
1-1: Foul Ball, location: 2F
1-2: Fly out, F7 (Flyball, 7S, EV 91.2 MPH)
Top of the 8th over - 0 runs, 1 hit, 1 error, 1 left on base; Falmouth 3 - Bourne 3
BOTTOM OF THE 8TH
Bourne Braves batting - Pitching for Falmouth Commodores : RHP Griffin Baron
Now at 3B: Wyatt Williams
Batting: RHB Frey Granado 0-0: Ball
1-0: Foul Ball, location: 2F
1-1: Called Strike
1-2: DOUBLE (Flyball, 78D, EV 94.4 MPH)
Batting: LHB Blake Wolf 0-0: Ball
1-0: Ball
2-0: Fly out, F7 (Flyball, 7S, EV 90.0 MPH)
Batting: RHB Zane Welker 0-0: Ball
1-0: Fly out, F4 (Popup, 3S, EV 82.5 MPH)
Batting: LHB Israel Quinzi 0-0: Ball
1-0: Ball
2-0: Foul Ball, location: 2F
2-1: Foul Ball, location: 2F
2-2: Ball
3-2: Foul Ball, location: 2F
3-2: Base on Balls
Pitching: RHP Nelson Pickard
Batting: LHB Michael Monks 0-0: Called Strike
0-1: Foul Ball, location: 2F
0-2: SINGLE (Groundball, 4M, EV 83.8 MPH) (infield hit)
Frey Granado to third
Israel Quinzi to second
Batting: RHB Coleman Fitzgerald 0-0: Called Strike
0-1: Ball
1-1: Fly out, F7 (Flyball, 7, EV 71.9 MPH)
Bottom of the 8th over - 0 runs, 2 hits, 0 errors, 3 left on base; Falmouth 3 - Bourne 3
TOP OF THE 9TH
Falmouth Commodores batting - Pitching for Bourne Braves : LHP Grant Wright
Pitching: LHP Rudy Bruce
Batting: RHB Chris Pollard 0-0: Ball
1-0: Ball
2-0: SINGLE (Groundball, 6MD, EV 96.2 MPH)
Batting: RHB Bradley Milsap 0-0: Swinging Strike
0-1: Bunted foul
0-2: Strikes out swinging
Batting: SHB Mathew Byrd 0-0: Ball
1-0: Swinging Strike
1-1: Ball
2-1: Ball
3-1: Swinging Strike
3-2: Fielders Choice at 2nd, 3-6 (Groundball, 3, EV 98.8 MPH)
Batting: RHB Havelock Norris 0-0: Ball
1-0: Ball
2-0: Called Strike
2-1: Ball
3-1: Fly out, F7 (Flyball, 78M, EV 83.1 MPH)
Top of the 9th over - 0 runs, 1 hit, 0 errors, 1 left on base; Falmouth 3 - Bourne 3
BOTTOM OF THE 9TH
Bourne Braves batting - Pitching for Falmouth Commodores : RHP Nelson Pickard
Batting: LHB Jack Motzer 0-0: Ball
1-0: Swinging Strike
1-1: Ground out 6-3 (Groundball, 56, EV 110.0 MPH)
Batting: RHB Steve Norman 0-0: Ball
1-0: Ball
2-0: Swinging Strike
2-1: Foul Ball, location: 2F
2-2: Ball
3-2: Strikes out looking
Pinch Hitting: LHB Trent Carrillo 0-0: Ball
1-0: Called Strike
1-1: Called Strike
1-2: Ball
2-2: Foul Ball, location: 2F
2-2: Ball
3-2: Base on Balls
Batting: RHB Frey Granado 0-0: Ground out 4-3 (Groundball, 34, EV 88.1 MPH)
Bottom of the 9th over - 0 runs, 0 hits, 0 errors, 1 left on base; Falmouth 3 - Bourne 3
TOP OF THE 10TH
Falmouth Commodores batting - Pitching for Bourne Braves : LHP Rudy Bruce
Now at 3B: Morty Latta
Batting: LHB Kal Nagatoshi 0-0: Ball
1-0: Fly out, F8 (Flyball, 8LD, EV 91.2 MPH)
Batting: RHB Wyatt Williams 0-0: Called Strike
0-1: Ball
1-1: SINGLE (Groundball, 56D, EV 100.0 MPH)
Batting: LHB Joey Erickson 0-0: Called Strike
0-1: Fielders Choice at 2nd, 6-4 (Groundball, 6, EV 101.9 MPH)
Batting: RHB Jakob Davis 0-0: Ball
1-0: Ball
2-0: Called Strike
2-1: Ground out 6-3 (Groundball, 6MS, EV 92.5 MPH)
Top of the 10th over - 0 runs, 1 hit, 0 errors, 1 left on base; Falmouth 3 - Bourne 3
BOTTOM OF THE 10TH
Bourne Braves batting - Pitching for Falmouth Commodores : RHP Nelson Pickard
Pitching: RHP Carter Hobkirk
Batting: LHB Blake Wolf 0-0: Called Strike
0-1: Called Strike
0-2: Ball
1-2: Strikes out looking
Batting: RHB Zane Welker 0-0: Called Strike
0-1: Swinging Strike
0-2: Ball
1-2: Foul Ball, location: 2F
1-2: Ball
2-2: Foul Ball, location: 2F
2-2: Ball
3-2: Base on Balls
Batting: LHB Israel Quinzi 0-0: Ball
1-0: Foul Ball, location: 2F
1-1: Called Strike
1-2: Foul Ball, location: 2F
1-2: Strikes out swinging
Batting: LHB Michael Monks 0-0: Ball
1-0: Swinging Strike
1-1: Ball
2-1: SINGLE (Groundball, 56S, EV 71.2 MPH) (infield hit)
Zane Welker to second
Batting: RHB Coleman Fitzgerald 0-0: Foul Ball, location: 2F
0-1: Ball
1-1: SINGLE (Flyball, 9S, EV 90.6 MPH)
Zane Welker to third
Michael Monks to second
Runner from 3rd tries for Home, SAFE, throw by RF to home
Bottom of the 10th over - 1 run, 2 hits, 0 errors, 2 left on base; Falmouth 3 - Bourne 4
Tuesday, April 16th , 2024 - OOTP Baseball 23.10 Build 110